 Dungeon Crawl Stone Soup version 0.29-a0-323-g050149af67 (webtiles) character file.

Game seed: 18414164007876502735

79 spaghetti the Sneak (level 4, 0/29 HPs)
             Began as an Octopode Brigand on Apr 10, 2022.
             Slain by a sky beast (5 damage)
             ... on level 3 of the Dungeon.
             The game lasted 00:02:36 (2301 turns).

spaghetti the Sneak (Octopode Brigand)              Turns: 2301, Time: 00:02:36

Health: 0/29       AC:  5    Str: 10    XL:     4   Next: 38%
Magic:  4/4        EV: 14    Int: 13    God:
Gold:   30         SH:  0    Dex: 21    Spells: 3/3 levels left

rFire   . . .      SeeInvis .   p - +2 dagger (venom) {short}
rCold   . . .      Faith    +   (no shield)
rNeg    + . .      Spirit   .   (helmet restricted)
rPois   .          Reflect  .   h - amulet of faith {!P}
rElec   .          Harm     .   g - ring of positive energy
rCorr   .          Rampage  .   j - +4 ring of protection
Will    .....                   m - +6 ring of dexterity
Stlth   +++++.....              (no ring)
HPRegen 0.09/turn               (no ring)
MPRegen 0.09/turn               (no ring)
                                (no ring)
                                (no ring)

@: no status effects
A: almost no armour, amphibious, 8 rings, camouflage 1, gelatinous body 1,
(nimble swimmer 1), tentacles
a: no special abilities


You were on level 3 of the Dungeon.
You visited 1 branch of the dungeon, and saw 3 of its levels.

You collected 54 gold pieces.
You spent 24 gold pieces at shops.


Innate Abilities, Weirdness & Mutations

You cannot wear most types of armour.
You are amphibious.
You can wear up to eight rings at the same time.
Your skin changes colour to match your surroundings (Stealth+).
Your rubbery body absorbs attacks. (AC +1, EV +1)
((You are camouflaged when in or above water. (Stealth+)))
You have tentacles for arms and can constrict up to eight enemies at once.


   Skills:
 - Level 2.0 Fighting
 - Level 2.0 Short Blades
 - Level 2.0 Throwing
 + Level 2.2 Dodging
 + Level 7.3 Stealth


You had 3 spell levels left.
You didn't know any spells.
Your spell library contained the following spells:

 Spells                   Type           Power      Damage    Failure   Level
 Slow                     Hex            0%         N/A       30%         1
 Confusing Touch          Hex            0%         N/A       67%         3
 Vampiric Draining        Necr           0%         2d6       67%         3

Inventory:

Hand Weapons
 a - a +2 dagger {short}
 p - a +2 dagger of venom (weapon) {short}
   (You found it on level 2 of the Dungeon)
Missiles
 b - 13 poisoned darts (quivered) {throwing}
 c - 3 curare-tipped darts {=fthrowing}
 i - 131 stones {throwing}
Jewellery
 g - a ring of positive energy (left tentacle)
   (You found it on level 1 of the Dungeon)
 h - an amulet of faith (around mantle) {!P}
   (You found it on level 1 of the Dungeon)
 j - a +4 ring of protection (right tentacle)
   (You found it on level 1 of the Dungeon)
 m - a +6 ring of dexterity (on tentacle)
   (You found it on level 2 of the Dungeon)
 r - a ring of positive energy
   (You found it on level 3 of the Dungeon)
Scrolls
 f - 2 scrolls of teleportation {@r4}
 k - a scroll of identify {@r1}
 l - 2 scrolls of enchant armour {unknown}
 o - 5 scrolls of fog {unknown}
 q - a scroll of immolation {unknown}
Potions
 d - a potion of ambrosia {unknown}
 e - 2 potions of degeneration {unknown}
 n - a potion of berserk rage {unknown}
 s - a potion of heal wounds {unknown}

Dungeon Overview and Level Annotations

Branches:
Dungeon (3/15)

Altars:

Shops:
D:1

:??
#.###....#+#........#
#.......## ##....#.##
#####...# #....#.#
##..## ##.###.# #...#
#.###'## #..[#
+......##
#..#########.....†####
#..#..g...(#.......#..
##.'.@{...?#.........#
#.#..)...$#..........
#.#########.........#
#.. '........#.# ##.
.#.#.....##.# .
#......###.. ..
...##'# ### ... #.#
#.. .# #.# #..


You could see a hobgoblin (very poisoned).


Message History

A hobgoblin is nearby!
A hobgoblin is nearby!
A hobgoblin is nearby!
You closely miss the hobgoblin. You grab the hobgoblin.
You squeeze the hobgoblin. You constrict the hobgoblin.
You kill the hobgoblin!
Your Stealth skill increases to level 7!
b - 13 poisoned darts {throwing} (gained 4)
o - 5 scrolls labelled UXKOEMMARUM (gained 1)
You see here a hobgoblin corpse.
You open the door.
There is an open door here.
An iguana comes into view. 😎 HP[+2]
Your hp is fully restored (24).
An iguana is nearby!
An iguana is nearby!
The iguana hisses angrily.
You hit the iguana.
The iguana is poisoned.
You grab the iguana. You constrict the iguana. The iguana bites you! 😮 HP[-8]
You take 8 damage, and now have 16/24 hp.
MASSIVE DAMAGE!! (PAUSE)
You hit the iguana but do no damage.
The iguana looks as sick as possible!
You squeeze the iguana!
You kill the iguana!
Your Dodging skill increases to level 2!
You have reached level 4! 😮 HP[+3] MP[+1]
You now have 29 max hp (+5).
You regained 3 hp, and now have 19/29 hp.
Your mp is fully restored (4).
Unknown command.
You start resting. 😎 HP[+10]
Your hp is fully restored (29).
You open the door.
A hobgoblin, a kobold and a sky beast come into view.
The sky beast flickers out of sight!
Deactivating autopickup; reactivate with Ctrl-A.
There are monsters nearby!
There are monsters nearby!
There are monsters nearby! 2 orcs come into view.
A sky beast appears from thin air!
Reactivating autopickup.
There is an open door here.
The sky beast misses you.
The orc shouts!
The kobold shouts!
You hit the sky beast.
The sky beast is poisoned.
The hobgoblin shouts!
The kobold closely misses you. The orc barely misses you.
The sky beast flickers out of sight!
Deactivating autopickup; reactivate with Ctrl-A.
Something barely misses you.
The orc shouts!
You hit the orc.
The orc is poisoned.
You grab the orc. You constrict the orc.
The kobold hits you but does no damage. The orc closely misses you.
Something hits you. Something shocks you.
You are too injured to fight recklessly!
You are too injured to fight recklessly! 😮 HP[-8]
You take 8 damage, and now have 21/29 hp.
MASSIVE DAMAGE!! (PAUSE) Unknown command.
You hit the orc.
You kill the orc! 😕 HP[+1]
You completely miss the kobold. You grab the kobold. You constrict the kobold.
The kobold hits you with a +0 whip.
Something hits you but does no damage. 😮 HP[-3]
You take 3 damage, and now have 19/29 hp.
You hit the kobold.
You kill the kobold!
Something hits you but does no damage. The hobgoblin closely misses you.
You barely miss something. Something hits you but does no damage.
The hobgoblin closely misses you. The orc closely misses you.
You puncture the orc!
You kill the orc!
A sky beast appears from thin air!
Reactivating autopickup.
The sky beast barely misses you. The hobgoblin completely misses you.
You hit the hobgoblin.
The hobgoblin is poisoned.
Your grab misses the hobgoblin. Your squeeze misses the hobgoblin.
The sky beast hits you. The sky beast shocks you.
* * * LOW HITPOINT WARNING * * *
The hobgoblin hits you but does no damage. 😨 HP[-10]
You take 10 damage, and now have 9/29 hp.
MASSIVE DAMAGE!! (PAUSE)
You barely miss the sky beast.
You squeeze the sky beast, but do no damage.
The sky beast barely misses you. The hobgoblin closely misses you.
Okay, then.
You barely miss the sky beast.
The sky beast flickers out of sight!
Deactivating autopickup; reactivate with Ctrl-A.
Something hits you.
* * * LOW HITPOINT WARNING * * *
Something shocks you.
You die...

Skill      XL: |  1  2  3 |
---------------+----------+-----
Stealth        | 6 7 |  7.3
Dodging        | 2 |  2.2
Fighting       | |  2.0
Short Blades   | |  2.0
Throwing       | |  2.0

Action                   |  1- 3 |  4- 6 || total
-------------------------+-------+-------++-------
Melee: Dagger            |    48 |    10 ||    58
       Tentacles         |     8 |     1 ||     9
       Constrict         |    11 |     2 ||    13
       Punch             |     1 |       ||     1
  Use: Scroll            |     1 |       ||     1
 Stab: Sleeping          |    15 |       ||    15
Armor: Skin              |     6 |     5 ||    11
Dodge: Dodged            |    15 |    12 ||    27

Levels and vault maps discovered:
D:1:      lightli_arrival_windingriver, layout_loops_corners, serial_shops,
          shop_fountains, nicolae_shop_hallway_plus, shop
D:2:      layout_basic, guppyfry_early_lair_pool
D:3:      layout_loops_corners, nicolae_ecumenical_pavilion,
          minmay_misc_feat_secret_circle, minmay_divided_ellipse

Notes
Turn   | Place    | Note
-------+----------+-------------------------------------------
     0 | D:1      | spaghetti the Octopode Brigand began the quest for the Orb.
     0 | D:1      | Reached XP level 1. HP: 14/14 MP: 1/1
     0 | D:1      | magus.rc [v1.9.6]
   356 | D:1      | Found Ica Riro's Book Shop.
   384 | D:1      | Found Sefeib's Magic Scroll Boutique.
   643 | D:1      | Bought a scroll of identify for 24 gold pieces
   660 | D:1      | Reached skill level 6 in Stealth
   660 | D:1      | Reached XP level 2. HP: 18/19 MP: 2/2
   805 | D:1      | Found Xorchaggi's Magic Scroll Shop.
  1423 | D:2      | Reached XP level 3. HP: 19/24 MP: 3/3
  1718 | D:2      | You pick up a book of Debilitation and begin reading...
  1718 | D:2      | You add the spells Slow, Vampiric Draining and Confusing
                  | Touch to your library.
  1933 | D:2      | Identified the +1 leather armour of the Sufficient God
                  | {Contam rC+ Will+ Regen+}
  2011 | D:3      | Found a faded altar of an unknown god.
  2129 | D:3      | Reached skill level 7 in Stealth
  2166 | D:3      | Reached skill level 2 in Dodging
  2166 | D:3      | Reached XP level 4. HP: 19/29 MP: 4/4
  2288 | D:3      | Noticed a sky beast
  2301 | D:3      | HP: 5/29 [something (4)]
  2301 | D:3      | Slain by a sky beast

Vanquished Creatures
  An iguana (D:3)
  An adder (D:2)
  3 dart slugs
  2 orcs (D:3)
  4 endoplasms
  3 goblins
  6 hobgoblins
  4 kobolds
  A ball python (D:2)
  5 bats
  3 frilled lizards (D:2)
  4 rats
37 creatures vanquished.

Table legend:
 A = Non-vault XP
 B = Vault XP
 C = Vault XP percentage of total XP
 D = Non-vault monster count
 E = Vault monster count
 F = Vault count percentage of total count
                 A         B        C        D         E       F
            +---------+---------+-------+---------+---------+-------
      Total |     106 |       8 |   7.0 |      34 |       3 |   8.1
            +---------+---------+-------+---------+---------+-------
        D:1 |      22 |       0 |   0.0 |      12 |       0 |   0.0
        D:2 |      34 |       0 |   0.0 |      16 |       0 |   0.0
        D:3 |      50 |       8 |  13.8 |       6 |       3 |  33.3
            +---------+---------+-------+---------+---------+-------

Illustrated notes

Table legend:
 A = Kills in this place as a percentage of kills in entire the game.
 B = Kills by you in this place as a percentage of kills by you in the entire game.
 C = Kills by friends in this place as a percentage of kills by friends in the entire game.
 D = Other kills in this place as a percentage of other kills in the entire game.
 E = Experience gained in this place as a percentage of experience gained in the entire game.
 F = Experience gained in this place divided by the number of levels of this place that you have seen.
                   A       B       C       D       E      F
               +-------+-------+-------+-------+-------+----------------------
         Total | 100.0 | 100.0 |   N/A |   N/A | 100.0 |  38.0
       Dungeon | 100.0 | 100.0 |   N/A |   N/A | 100.0 |  38.0
               +-------+-------+-------+-------+-------+----------------------

Table legend: (Time is in decaauts)
 A = Elapsed time spent in this place.
 B = Non-inter-level travel time spent in this place.
 C = Inter-level travel time spent in this place.
 D = Time resting spent in this place.
 E = Time spent auto-exploring this place.
 F = Levels seen in this place.
 G = Mean time per level.
                   A        B        C        D        E       F      G
               +--------+--------+--------+--------+--------+-----+--------+
         Total |   2292 |   2164 |    128 |    287 |   1643 |   3 |  764.0 |
       Dungeon |   2292 |   2164 |    128 |    287 |   1643 |   3 |  764.0 |
               +--------+--------+--------+--------+--------+-----+--------+

Top non-repeatable levels by time:
     D:1: 1130 daAuts
     D:2: 874 daAuts
     D:3: 288 daAuts
